 Dungeon Crawl Stone Soup version 0.26-a0-519-gb2f46efeda (webtiles) character file.

Game seed: 1455491581352244887

5521 dogbrainedIDIOT the Jinx (level 10, -6/63 HPs)
             Began as a Barachi Conjurer on Aug 10, 2020.
             Was a Priest of Cheibriados.
             Mangled by a sixfirhy (10 damage)
             ... summoned by an obsidian statue
             ... on level 9 of the Dungeon.
             The game lasted 00:36:20 (12992 turns).

dogbrainedIDIOT the Jinx (Barachi Conjurer)        Turns: 12992, Time: 00:36:21

Health: -6/63      AC: 11    Str: 17    XL:     10   Next: 70%
Magic:  37/40      EV: 11    Int: 29    God:    Cheibriados [***...]
Gold:   488        SH:  5    Dex: 17    Spells: 17/25 levels left

rFire    . . .     SeeInvis .   U - +0 demon trident (drain)
rCold    . . .     Faith    .   K - +0 buckler
rNeg     . . .     Spirit   .   S - +2 ring mail "Agub" {+Inv MR++ MP+9 Dex-2}
rPois    .         Reflect  .   w - +0 helmet
rElec    .         Harm     .   (no cloak)
rCorr    .                      v - +0 pair of gloves
MR       ++...                  (no boots)
Stlth    ++........             k - amulet of magic regeneration
HPRegen  0.20/turn              D - +4 ring of slaying
MPRegen  0.52/turn              s - ring of magical power

@: can't hop, lightly drained, very slow
A: +LOS, swims, slowness 1, strong legs 1
a: Hop, Bend Time, Temporal Distortion, Renounce Religion, Evoke Invisibility


You were on level 9 of the Dungeon.
You worshipped Cheibriados.
Cheibriados was most pleased with you.
You visited 2 branches of the dungeon, and saw 11 of its levels.

You collected 488 gold pieces.

Inventory:

Hand Weapons
 g - a +2 dagger of flaming
 Q - a +2 dagger of venom
 R - the +2 long sword "Beetlebane" {pain, rElec rPois Dex+8 Stlth-}
   (You found it on level 8 of the Dungeon)

   In the hands of one skilled in necromantic magic, it inflicts extra damage on
   living creatures.
   It affects your dexterity (+8).
   It insulates you from electricity.
   It protects you from poison.
   It makes you less stealthy.
 U - a +0 demon trident of draining (weapon)
Missiles
 a - 26 poisoned darts (quivered)
 d - 54 sling bullets
 e - 399 stones
 E - 2 throwing nets
 J - 6 boomerangs
Armour
 v - a +0 pair of gloves (worn)
 w - a +0 helmet (worn)
 A - +0 steam dragon scales
 B - a +1 ring mail of cold resistance
 K - a +0 buckler (worn)
 M - a +0 scale mail
 S - the +2 ring mail "Agub" (worn) {+Inv MR++ MP+9 Dex-2}
   (You found it on level 8 of the Dungeon)

   It affects your dexterity (-2).
   It affects your resistance to hostile enchantments.
   It affects your magic capacity (+9).
   It lets you turn invisible.
Jewellery
 k - an amulet of magic regeneration (around neck)
 s - a ring of magical power (right hand)
 D - a +4 ring of slaying (left hand)
 N - an uncursed ring of positive energy
Wands
 f - a wand of iceblast (21)
 C - a wand of polymorph (2)
 G - a wand of flame (8)
Scrolls
 h - 4 scrolls of blinking {unknown}
 i - 3 scrolls of magic mapping
 j - 9 scrolls of identify
 l - 4 scrolls of teleportation
 q - 5 scrolls of remove curse
 t - 5 scrolls of enchant weapon {unknown}
 y - a scroll of immolation {unknown}
 F - 6 scrolls of enchant armour {unknown}
 H - 2 scrolls of fear
 O - a scroll of amnesia {unknown}
 P - a scroll of noise {unknown}
Potions
 b - 8 potions of curing
 c - 4 potions of degeneration {unknown}
 m - 7 potions of heal wounds {unknown}
 n - a potion of cancellation {unknown}
 o - a potion of mutation {unknown}
 p - 2 potions of berserk rage {unknown}
 r - 2 potions of might {unknown}
 u - a potion of invisibility {unknown}
 x - 3 potions of resistance {unknown}
 z - a potion of haste {unknown}
 I - 2 potions of lignification {unknown}
 L - a potion of stabbing {unknown}
Miscellaneous
 T - a tin of tremorstones (3/3)


   Skills:
 + Level 6.7(6.3) Armour
 - Level 2.1(1.8) Dodging
 - Level 3.0(2.6) Stealth
 - Level 4.0(3.6) Shields
 - Level 8.0(7.5) Spellcasting
 - Level 4.3(4.0) Conjurations
 * Level 12.2(11.7) Hexes


You had 17 spell levels left.
You knew the following spells:

 Your Spells              Type           Power        Failure   Level
a - Magic Dart            Conj           ####         1%          1
b - Dazzling Flash        Conj/Hex       ######       1%          3
c - Fulminant Prism       Conj/Hex       ######....   3%          4

Your spell library contained the following spells:

 Spells                   Type           Power        Failure   Level
 Corona                   Hex            ######.      1%          1
 Searing Ray              Conj           ####..       2%          2
 Animate Skeleton         Necr           ##....       9%          1
 Apportation              Tloc           ##....       9%          1
 Summon Small Mammal      Summ           ##..         9%          1
 Iskenderun's Mystic Bla  Conj/Tloc      ###.....     36%         4


Dungeon Overview and Level Annotations

Branches:
Dungeon (10/15)            Temple (1/1) D:6
   Lair: D:8-11         Orc: D:9-12

Altars:
Ashenzari
Cheibriados
Dithmenos
Elyvilon
Gozag
Hepliaklqana
Kikubaaqudgha
Makhleb
Nemelex Xobeh
Okawaru
Ru
Sif Muna
Trog
Uskayaw
Wu Jian
Yredelemnul
Zin
The Shining One

Annotations:
D:9 exclusion: obsidian statue


Innate Abilities, Weirdness & Mutations

You can be seen from farther away. (+LOS)
You can swim through water.
You cover ground slowly.
You can hop short distances.


Message History

The sixfirhy closely misses you. The sixfirhy hits you.
The sixfirhy shocks you!
The sixfirhy hits you but does no damage. x3
Press: ? - help, v - describe, . - travel
Here: a sixfirhy (summoned)
The floor.
Press: ? - help, v - describe, . - travel
Here: a sixfirhy (summoned)
The floor.
Okay, then.
Unknown command.
The flow of time bends around you.
The sixfirhy resists with some effort.
The sixfirhy hits you. The sixfirhy shocks you!
You block the sixfirhy's attack. The sixfirhy hits you.
The sixfirhy shocks you!
* * * LOW HITPOINT WARNING * * *
The sixfirhy hits you!
* * * LOW HITPOINT WARNING * * *
The sixfirhy shocks you!
You die...

##)##################.#####.##
#.............# #.........
#.............# ##########.##
#..........(..# #..........#.
#.............# #.##########.
####.............####.##### #.
..?...........รท..(.##.....# ##
#.##...##..#......)..####.#
...............3@....####.#######
.....$.....#.........#...........
...........#...##................
... .......#4#.#######...........
.. .......#.#...................
. .8.....#.#########...........
.5.....#.# #...........
?......3.# ###.#####...
...[.....# ####.# #...


You could see a sixfirhy (summoned) and a chaos spawn (summoned).

Vanquished Creatures
  A wizard (D:9)
  Maggie (D:7)
  A troll (D:8)
  A wraith (D:10)
  A steam dragon (D:8)
  Menkaure (D:4)
  Edmund (D:4)
  Duvessa (D:3)
  2 sky beasts
  A necrophage (D:9)
  An ice beast (D:6)
  5 ogres
  2 phantoms
  4 centaurs
  A bullfrog (D:8)
  2 big kobolds
  A gnoll sergeant (D:7)
  Dowan (D:3)
  5 wights (D:8)
  10 killer bees
  3 howler monkeys
  A centaur zombie (D:8)
  3 bullfrog zombies
  4 orc priests
  13 orc wizards
  2 hounds
  4 jellies
  A bullfrog skeleton (D:6)
  4 iguanas
  Natasha (thrice) (D:2)
  Ijyb (D:5)
  5 worker ants
  A killer bee zombie (D:9)
  3 worker ant zombies
  Robin (D:2)
  12 gnolls
  4 adders
  4 white imps
  2 ufetubi
  3 oozes
  An adder zombie (D:6)
  An adder skeleton (D:6)
  4 worms
  2 dart slugs
  5 leopard geckos
  36 orcs
  3 ball pythons
  4 giant cockroaches
  19 goblins
  7 hobgoblins
  3 jackals (D:4)
  11 kobolds
  4 quokkas
  11 bats
  7 frilled lizards
  5 rats
240 creatures vanquished.

Vanquished Creatures (others)
  13 fulminant prisms
13 creatures vanquished.

Grand Total: 253 creatures vanquished

Notes
Turn   | Place    | Note
-------+----------+-------------------------------------------
     0 | D:1      | dogbrainedIDIOT the Barachi Conjurer began the quest for
                  | the Orb.
     0 | D:1      | Reached XP level 1. HP: 13/13 MP: 3/3
   167 | D:1      | Reached XP level 2. HP: 19/19 MP: 2/5
   826 | D:1      | Reached XP level 3. HP: 24/24 MP: 4/7
  1509 | D:1      | Learned a level 3 spell: Dazzling Flash
  1564 | D:2      | Found an opulent altar of Gozag.
  1649 | D:2      | Reached XP level 4. HP: 30/30 MP: 4/9
  1688 | D:2      | Noticed Natasha
  1694 | D:2      | Killed Natasha
  1694 | D:2      | Reached skill level 1 in Hexes
  1832 | D:2      | Noticed Natasha
  1841 | D:2      | Killed Natasha
  1841 | D:2      | Reached skill level 2 in Hexes
  1841 | D:2      | Reached XP level 5. HP: 24/35 MP: 4/11
  1962 | D:2      | Noticed Natasha
  1965 | D:2      | Found a faded altar of an unknown god.
  1973 | D:2      | Killed Natasha
  2447 | D:2      | Found a white marble altar of Elyvilon.
  2450 | D:2      | Found a glowing golden altar of the Shining One.
  2453 | D:2      | Found a bloodstained altar of Trog.
  2591 | D:3      | Noticed Robin
  2625 | D:2      | Killed Robin
  2625 | D:2      | Reached skill level 3 in Hexes
  3154 | D:3      | Reached XP level 6. HP: 41/41 MP: 6/12
  3620 | D:3      | Reached skill level 4 in Hexes
  4392 | D:4      | Noticed Dowan
  4393 | D:4      | Noticed Duvessa
  4419 | D:3      | Killed Duvessa
  4419 | D:3      | Reached skill level 5 in Spellcasting
  4419 | D:3      | Reached skill level 5 in Hexes
  4419 | D:3      | Reached XP level 7. HP: 46/46 MP: 14/14
  4430 | D:3      | Killed Dowan
  4730 | D:4      | Found a bloodstained altar of Trog.
  4841 | D:4      | Found a sparkling altar of Nemelex Xobeh.
  4879 | D:4      | Noticed Menkaure
  4882 | D:4      | Noticed Edmund
  4891 | D:4      | Killed Menkaure
  4891 | D:4      | Reached skill level 6 in Hexes
  5037 | D:5      | Entered Level 5 of the Dungeon
  5157 | D:5      | Found a shattered altar of Ashenzari.
  5159 | D:5      | Noticed Ijyb
  5371 | D:5      | Reached XP level 8. HP: 19/52 MP: 16/16
  5552 | D:5      | Reached skill level 7 in Hexes
  5747 | D:5      | Killed Ijyb
  5906 | D:5      | Found an ancient bone altar of Kikubaaqudgha.
  6264 | D:4      | Found a sparkling altar of Nemelex Xobeh.
  6336 | D:4      | Killed Edmund
  6641 | D:4      | Found a bloodstained altar of Trog.
  6939 | D:6      | Reached skill level 8 in Hexes
  7278 | D:6      | Found a staircase to the Ecumenical Temple.
  7312 | Temple   | Entered the Ecumenical Temple
  7339 | Temple   | Became a worshipper of Cheibriados the Contemplative
  7724 | D:6      | Learned a level 4 spell: Fulminant Prism
  7774 | D:6      | Found an ornate altar of the Wu Jian Council.
  8133 | D:6      | Reached skill level 1 in Armour
  8133 | D:6      | Reached skill level 1 in Shields
  8133 | D:6      | Reached skill level 9 in Hexes
  8133 | D:6      | Reached XP level 9. HP: 34/57 MP: 19/19
  8815 | D:7      | Reached * piety under Cheibriados
  9247 | D:7      | Noticed Maggie
  9270 | D:7      | Killed Maggie
  9270 | D:7      | Reached skill level 10 in Hexes
  9954 | D:7      | Found a sacrificial altar of Ru.
 10033 | D:8      | Reached ** piety under Cheibriados
 10276 | D:8      | Reached XP level 10. HP: 50/63 MP: 7/22
 10551 | D:8      | Reached skill level 5 in Armour
 10551 | D:8      | Reached skill level 11 in Hexes
 10560 | D:8      | Reached *** piety under Cheibriados
 11229 | D:8      | Got a glimmering long sword
 11229 | D:8      | Identified the cursed +2 long sword "Beetlebane" {pain,
                  | rElec rPois Dex+8 Stlth-} (You found it on level 8 of the
                  | Dungeon)
 11404 | D:8      | Got a steaming ring mail
 11414 | D:8      | Identified the +2 ring mail "Agub" {+Inv MR++ MP+9 Dex-2}
                  | (You found it on level 8 of the Dungeon)
 11683 | D:9      | You fall into a shaft and drop 1 floor!
 11683 | D:10     | Entered Level 10 of the Dungeon
 11875 | D:10     | Noticed a gargoyle
 12016 | D:9      | Noticed a wizard
 12078 | D:9      | Noticed an obsidian statue
 12561 | D:9      | Killed a wizard
 12561 | D:9      | Reached skill level 12 in Hexes
 12985 | D:9      | Noticed a sixfirhy
 12992 | D:9      | Mangled by a sixfirhy

Illustrated notes

Levels and vault maps discovered:
D:1:      psy_arrival_conway, layout_basic
D:2:      layout_rooms, nicolae_gozag_seed_capital,
          grunt_temple_overflow_diamond, chequers_ecumenical_altar_simple,
          minmay_tromino_v4_c, uniq_natasha
D:3:      layout_loops_ring, uniq_robin
D:4:      layout_basic, kennysheep_mini_moat, minivault_1, trog_hazing_becter,
          uniq_menkaure, uniq_duvessa, uniq_edmund
D:5:      layout_cave_pools, kennysheep_mini, nicolae_overflow_hidden_temple,
          uniq_ijyb
D:6:      layout_rooms, marbit_many_paths, minmay_temple_entry_crystal_x
D:7:      layout_cave_pools, lemuel_statue_altar, uniq_maggie
D:8:      layout_loops_cross
D:9:      layout_basic, minmay_door_square, minivault_16,
          minmay_mirror_moons_of_madness
D:10:     layout_basic, uniq_urug
Temple:   nicolae_temple_great_sept

Skill      XL: |  1  2  3  4  5  6  7  8  9 10 |
---------------+-------------------------------+-----
Spellcasting   | 3 4 5 7 8 |  8.0
Stealth        | 2 3 |  3.0
Hexes          | 2 3 5 6 9 10 12 | 12.2
Armour         | 1 4 6 |  6.7
Shields        | 1 3 4 |  4.0
Dodging        | |  2.1
Conjurations   | |  4.3

Action                   |  1- 3 |  4- 6 |  7- 9 | 10-12 || total
-------------------------+-------+-------+-------+-------++-------
Melee: Dagger            |    18 |    26 |    34 |     9 ||    87
       Unarmed           |       |    19 |       |       ||    19
       Flail             |       |     1 |       |       ||     1
       Dire flail        |       |       |    31 |       ||    31
Throw: Stone             |       |     3 |       |       ||     3
       Dart              |       |       |     8 |     5 ||    13
       Throwing net      |       |       |     2 |       ||     2
 Cast: Magic Dart        |    55 |   179 |   466 |   190 ||   890
       Dazzling Flash    |       |       |    13 |     3 ||    16
       Fulminant Prism   |       |       |     6 |     7 ||    13
Invok: Bend Time         |       |       |       |     2 ||     2
 Abil: Hop               |     3 |     4 |    10 |     3 ||    20
Evoke: Wand              |       |       |     1 |     5 ||     6
  Use: Scroll            |     3 |     2 |     3 |     1 ||     9
 Stab: Sleeping          |     1 |     2 |       |     1 ||     4
       Invisible         |       |       |     3 |     1 ||     4
Armor: Robe              |     4 |       |       |       ||     4
       Ring mail         |       |    31 |    88 |    25 ||   144
       Skin              |       |    19 |       |       ||    19
       Steam dragon scal |       |       |    10 |     9 ||    19
       Scale mail        |       |       |     7 |       ||     7
Dodge: Dodged            |    15 |    52 |   164 |    57 ||   288
Block: Buckler           |       |       |    10 |    28 ||    38

Table legend: (Time is in decaauts)
 A = Elapsed time spent in this place.
 B = Non-inter-level travel time spent in this place.
 C = Inter-level travel time spent in this place.
 D = Time resting spent in this place.
 E = Time spent auto-exploring this place.
 F = Levels seen in this place.
 G = Mean time per level.
                   A        B        C        D        E       F      G
               +--------+--------+--------+--------+--------+-----+--------+
         Total |  15207 |  14461 |    746 |   3991 |   8418 |  11 | 1382.5 |
       Dungeon |  14944 |  14212 |    732 |   3778 |   8394 |  10 | 1494.4 |
        Temple |    262 |    248 |     14 |    213 |     24 |   1 |  262.0 |
               +--------+--------+--------+--------+--------+-----+--------+

Top non-repeatable levels by time:
     D:8: 1987 daAuts
     D:1: 1972 daAuts
     D:9: 1960 daAuts
     D:4: 1922 daAuts
     D:6: 1675 daAuts
     D:7: 1560 daAuts
     D:2: 1338 daAuts
     D:3: 1188 daAuts
     D:5: 1113 daAuts
  Temple: 262 daAuts
    D:10: 225 daAuts
